 Dungeon Crawl Stone Soup version 0.29-a0-330-g52719c12eb (webtiles) character file.

Game seed: 13287685440097858266

8108 gruber the Destroyer (level 11, 0/94 HPs)
             Began as a Pale Draconian Conjurer on Apr 29, 2022.
             Was a Believer of Vehumet.
             Slain by a skeletal warrior
             ... wielding a +0 flail
             ... led by a skeletal warrior
              (28 damage)
             ... on level 10 of the Dungeon.
             The game lasted 00:20:03 (12839 turns).

gruber the Destroyer (Pale Draconian Conjurer)     Turns: 12839, Time: 00:20:04

Health: 0/94       AC:  8    Str:  9    XL:     11   Next: 5%
Magic:  8/23       EV: 17    Int: 28    God:    Vehumet [**....]
Gold:   555        SH:  5    Dex: 11    Spells: 14/26 levels left

rFire   . . .      SeeInvis .   P - +2 morningstar (flame)
rCold   . . .      Faith    .   (no shield)
rNeg    . . .      Spirit   .   (body armour unavailable)
rPois   .          Reflect  +   (helmet restricted)
rElec   .          Harm     .   (no cloak)
rCorr   .          Rampage  .   s - +0 pair of gloves
Will    .....                   (no boots)
Stlth   ++........              E - amulet of reflection
HPRegen 0.25/turn               H - +6 ring of intelligence
MPRegen 0.18/turn               K - +4 ring of evasion

@: no status effects
A: breathe steam, AC +7, unfitting armour, cold-blooded, steam resistance
a: Breathe Steam, Renounce Religion


You were on level 10 of the Dungeon.
You worshipped Vehumet.
Vehumet was pleased with you.
You visited 2 branches of the dungeon, and saw 11 of its levels.
You also visited: Sewer.

You collected 555 gold pieces.

Inventory:

Hand Weapons
 b - a +1 whip of venom
 P - a +2 morningstar of flaming (weapon)
Missiles
 r - 13 poisoned darts
Armour
 o - a +0 kite shield
 s - a +0 pair of gloves (worn)
 R - a +0 buckler
Jewellery
 i - a ring of poison resistance
 l - a ring of protection from fire
 u - a ring of protection from cold
 E - an amulet of reflection (around neck)
 H - a +6 ring of intelligence (left hand)
 K - a +4 ring of evasion (right hand)
 O - a ring of positive energy
 Q - a ring of magical power
Wands
 z - a wand of charming (6)
 C - a wand of digging (5)
 D - a wand of iceblast (9)
Scrolls
 c - 5 scrolls of immolation {unknown}
 g - 10 scrolls of identify {unknown}
 h - 6 scrolls of teleportation {unknown}
 k - 5 scrolls of amnesia {unknown}
 m - 3 scrolls of silence {unknown}
 p - 3 scrolls of enchant weapon {unknown}
 t - a scroll of magic mapping {unknown}
 v - a scroll of fog {unknown}
 y - 2 scrolls of enchant armour {unknown}
 A - a scroll of noise {unknown}
 F - 2 scrolls of brand weapon {unknown}
 I - a scroll of fear {unknown}
 M - a scroll of blinking {unknown}
Potions
 a - a potion of magic
 d - 6 potions of curing {unknown}
 e - a potion of flight {unknown}
 f - 4 potions of heal wounds {unknown}
 j - 3 potions of haste
 n - 3 potions of degeneration {unknown}
 q - 2 potions of might {unknown}
 w - 3 potions of invisibility {unknown}
 x - 4 potions of cancellation {unknown}
 B - 2 potions of resistance {unknown}
 G - 2 potions of ambrosia {unknown}
 J - 2 potions of mutation {unknown}
 L - 2 potions of attraction {unknown}
 N - 2 potions of lignification {unknown}


   Skills:
 - Level 8.3 Fighting
 - Level 0.5(0.7) Short Blades
 - Level 0.4(0.6) Long Blades
 - Level 0.4(0.6) Axes
 - Level 0.5(0.9) Polearms
 - Level 0.4(0.6) Staves
 - Level 0.5 Slings
 - Level 0.4 Bows
 - Level 0.3 Crossbows
 - Level 4.0 Dodging
 - Level 1.7 Stealth
 * Level 1.0 Shields
 - Level 8.1 Spellcasting
 - Level 10.0 Conjurations
 - Level 0.4 Summonings
 - Level 0.5 Necromancy
 - Level 0.9 Translocations
 - Level 0.9 Transmutations
 - Level 1.0 Fire Magic
 - Level 0.5 Ice Magic
 - Level 7.1 Air Magic
 - Level 0.5 Earth Magic
 - Level 0.5 Poison Magic
 - Level 1.0 Invocations


You had 14 spell levels left.
You knew the following spells:

 Your Spells              Type           Power      Damage    Failure   Level
a - Magic Dart            Conj           100%       1d8       1%          1
b - Searing Ray           Conj           100%       2d8       1%          2
c - Fulminant Prism       Conj/Hex       19%        3d11      6%          4
d - Lightning Bolt        Conj/Air       28%        1d44      4%          5

Your spell library contained the following spells:

 Spells                   Type           Power      Damage    Failure   Level
 Freeze                   Ice            56%        1d7       3%          1
 Static Discharge         Conj/Air       56%        N/A       1%          2
 Dazzling Flash           Conj/Hex       78%        N/A       1%          3
 Beastly Appendage        Tmut           32%        N/A       3%          1
 Wereblood                Tmut           16%        N/A       4%          2
 Iskenderun's Mystic Bla  Conj/Tloc      42%        2d10      4%          4
 Spider Form              Tmut/Pois      15%        N/A       11%         3
 Maxwell's Capacitive Co  Air            25%        ∞         100%        8


Dungeon Overview and Level Annotations

Branches:
Dungeon (10/15)            Temple (1/1) D:7            Lair (0/6) D:8
  Sewer (visited)
    Orc: D:9-12

Altars:
Elyvilon
Fedhas
Hepliaklqana
Kikubaaqudgha
Nemelex Xobeh
Qazlal
Ru
Sif Muna
Trog
Uskayaw
Vehumet
Xom
Yredelemnul

Shops:
D:1 (   D:4 [   D:7 !

Annotations:
D:9 4 runed translucent doors


Innate Abilities, Weirdness & Mutations

You can breathe blasts of scalding, opaque steam.
Your pale cyan-grey scales are hard. (AC +7)
You cannot fit into any form of body armour.
You are cold-blooded and may be slowed by cold attacks.
You are immune to the effects of steam.


Message History

Confirm with . or Enter, or press ? or * to list all spells.
Aiming: Lightning Bolt (dangerous; 4% risk of failure)
Press: ? - help, Shift-Dir - straight line You hear a mighty clap of thunder!
The bolt of lightning hits the skeletal warrior!
The skeletal warrior is lightly damaged.
Unknown command.
Unknown command.
Casting: Lightning Bolt (dangerous; 4% risk of failure)
Confirm with . or Enter, or press ? or * to list all spells.
Aiming: Lightning Bolt (dangerous; 4% risk of failure)
Press: ? - help, Shift-Dir - straight line You hear a mighty clap of thunder!
The bolt of lightning misses the skeletal warrior.
Unknown command.
Unknown command.
Casting: Lightning Bolt (dangerous; 4% risk of failure)
Confirm with . or Enter, or press ? or * to list all spells.
Aiming: Lightning Bolt (dangerous; 4% risk of failure)
Press: ? - help, Shift-Dir - straight line You miscast Lightning Bolt.
You are very lightly contaminated with residual magic.
Nothing appears to happen.
The skeletal warrior hits you with a +0 flail!!
Unknown command.
Unknown command.
Press: ? - help, v - describe, . - travel
Here: a skeletal warrior, wielding a +0 flail (lightly damaged)
The floor.
Unknown command.
Unknown command.
The skeletal warrior attacks as you move away!
The skeletal warrior closely misses you.
Your magical contamination has completely faded away.
The skeletal warrior attacks as you move away!
The skeletal warrior hits you with a +0 flail!
* * * LOW HITPOINT WARNING * * *
The skeletal warrior attacks as you move away!
The skeletal warrior hits you with a +0 flail!!
You die...

#..# #.# #..# #.# #..# #.# #).#
#.# #..# #.# #..# #.# #Jg#
#.#####
..g>g....#################......
.g.............@z...............
g........................#######
######...#############...# #...#
#...# #...# #...# #...#
#####...####### ................
...........<....
################


You could see a skeletal warrior.

Vanquished Creatures
  A two-headed ogre (D:9)
  Psyche (D:8)
  A komodo dragon (D:8)
  A troll (D:10)
  Prince Ribbit (D:5)
  A wraith (D:10)
  2 wyverns (D:10)
  8 yaks
  Grum (D:8)
  Menkaure (D:6)
  An acid dragon (D:9)
  4 ice beasts
  Pargi (Sewer)
  3 orc warriors
  A sky beast (D:7)
  An ogre (D:4)
  2 black bears
  3 wolves (D:8)
  5 centaurs
  2 phantoms
  A kobold brigand (D:9)
  3 necrophages
  3 bullfrogs (D:9)
  3 gnoll sergeants
  4 scorpions
  11 wights (D:8)
  6 killer bees (D:10)
  2 vampire bats (D:7)
  2 howler monkeys
  A jelly (D:6)
  A gnoll shaman (D:5)
  3 orc priests
  A hound (D:7)
  3 iguanas
  8 orc wizards
  22 gnolls
  12 adders
  A shadow imp (D:7)
  2 ufetubi
  2 worms
  A dart slug (D:3)
  26 orcs
  7 bats
  2 bat skeletons (D:7)
  4 bat zombies (D:7)
  5 endoplasms
  4 giant cockroaches
  7 goblins
  7 hobgoblins
  12 jackals
  7 quokkas
  7 ball pythons
  7 frilled lizards
  9 kobolds
  3 rats
240 creatures vanquished.

Vanquished Creatures (others)
  A yak (D:9)
  7 fulminant prisms
  38 plants
46 creatures vanquished.

Grand Total: 286 creatures vanquished

Notes
Turn   | Place    | Note
-------+----------+-------------------------------------------
     0 | D:1      | gruber the Draconian Conjurer began the quest for the Orb.
     0 | D:1      | Reached XP level 1. HP: 14/14 MP: 3/3
   210 | D:1      | Reached XP level 2. HP: 17/20 MP: 3/5
   824 | D:1      | Found a faded altar of an unknown god.
   834 | D:1      | Found Adeumec's Antique Weapon Shoppe.
  1127 | D:2      | Reached XP level 3. HP: 26/26 MP: 2/6
  1130 | D:2      | Learned a level 2 spell: Searing Ray
  1267 | D:2      | Reached skill level 5 in Conjurations
  1808 | D:2      | Reached XP level 4. HP: 28/33 MP: 7/7
  2544 | D:3      | Found a white marble altar of Elyvilon.
  3692 | D:4      | Learned a level 4 spell: Fulminant Prism
  3929 | D:4      | Reached XP level 5. HP: 38/38 MP: 7/9
  3959 | D:4      | Reached skill level 6 in Conjurations
  4034 | D:4      | Found Pullirhu's Antique Armour Shoppe.
  4105 | D:4      | Found a stormy altar of Qazlal.
  4107 | D:4      | Found a blossoming altar of Fedhas.
  4168 | D:4      | Found a glowing drain.
  4172 | Sewer    | Entered a sewer
  4210 | Sewer    | Noticed Pargi
  4228 | Sewer    | Killed Pargi
  4229 | Sewer    | Reached XP level 6. HP: 11/51 MP: 1/10
  4965 | D:5      | Entered Level 5 of the Dungeon
  5394 | D:4      | Your scales start taking on a pale cyan-grey colour.
  5394 | D:4      | Reached XP level 7. HP: 25/57 MP: 6/11
  5394 | D:4      | Gained mutation: You are immune to the effects of steam.
                  | [Pale Draconian growth]
  5400 | D:4      | Learned a level 5 spell: Lightning Bolt
  5676 | D:5      | Noticed Prince Ribbit
  5683 | D:5      | Killed Prince Ribbit
  5805 | D:5      | Reached skill level 1 in Fire Magic
  5805 | D:5      | Reached skill level 1 in Invocations
  6094 | D:5      | Reached XP level 8. HP: 63/63 MP: 5/12
  6717 | D:6      | Reached skill level 5 in Air Magic
  7407 | D:6      | Noticed Menkaure
  7419 | D:6      | Killed Menkaure
  7420 | D:6      | Reached skill level 7 in Conjurations
  7973 | D:7      | Reached XP level 9. HP: 68/69 MP: 13/13
  7991 | D:7      | Found Myikiod's Distillery.
  7998 | D:7      | Reached skill level 8 in Conjurations
  8436 | D:7      | Found a staircase to the Ecumenical Temple.
  8452 | Temple   | Entered the Ecumenical Temple
  8462 | Temple   | Became a worshipper of Vehumet
  8805 | D:7      | Found an ancient bone altar of Kikubaaqudgha.
  8814 | D:7      | Reached skill level 9 in Conjurations
  9111 | D:8      | Found a staircase to the Lair.
  9112 | D:8      | Noticed a komodo dragon
  9138 | D:8      | Found a sparkling altar of Nemelex Xobeh.
  9140 | D:8      | Found a hazy altar of Hepliaklqana.
  9594 | D:9      | Reached skill level 10 in Conjurations
  9818 | D:9      | Reached skill level 5 in Fighting
  9823 | D:9      | Reached * piety under Vehumet
  9823 | D:9      | Offered knowledge of Sandblast by Vehumet.
  9954 | D:9      | Found a runed translucent door.
 10015 | D:9      | Reached XP level 10. HP: 56/84 MP: 3/14
 10155 | D:9      | Noticed a two-headed ogre
 10163 | D:9      | Killed a two-headed ogre
 10350 | D:9      | Found a runed translucent door.
 10477 | D:9      | Found a runed translucent door.
 10488 | D:9      | Found a runed translucent door.
 10902 | D:8      | Reached skill level 5 in Spellcasting
 10915 | D:8      | Noticed Grum
 10930 | D:8      | Killed Grum
 11144 | D:8      | Noticed Psyche
 11150 | D:8      | Killed Psyche
 11285 | D:8      | Offered knowledge of Freeze by Vehumet.
 11558 | D:8      | Reached ** piety under Vehumet
 12042 | D:10     | Entered Level 10 of the Dungeon
 12532 | D:10     | Identified the +3 leather armour "Geriwes" {rPois Str-2
                  | Dex+4 Stlth+}
 12550 | D:10     | Reached XP level 11. HP: 94/94 MP: 18/22
 12750 | D:10     | Noticed a skeletal warrior
 12822 | D:10     | Reached skill level 1 in Shields
 12839 | D:10     | Slain by a skeletal warrior

Illustrated notes

Levels and vault maps discovered:
D:1:      ncdulo_smallfort, layout_basic,
          hellmonk_ecumenical_altar_heavens_door, serial_shops, shop_fountains
D:2:      layout_basic
D:3:      minmay_inner_zag, layout_basic, nicolae_elyvilon_peaceful_grove
D:4:      layout_loops_cross, grunt_temple_overflow_forces_of_nature,
          serial_shops, shop, gup_sewer_entry_bowl, dk_noncrumbling_2
D:5:      layout_cave_pools, nicolae_grassy_gnolls, uniq_prince_ribbit1
D:6:      layout_basic, uniq_menkaure
D:7:      layout_rooms, kennysheep_vampire_church,
          minmay_temple_entry_mini_moons, serial_shops, nicolae_shop_waterfront
D:8:      layout_layer_cave, grunt_temple_overflow_open, david_lair_shrubbed,
          uniq_psyche, uniq_grum
D:9:      layout_long_grid, minmay_statue_crystal_thing
D:10:     minmay_s_stair_smasher, layout_long_grid, orc_0_dummy
Temple:   eino_temple_rhombus

Skill      XL: |  1  2  3  4  5  6  7  8  9 10 11 |
---------------+----------------------------------+-----
Conjurations   | 5 6 7 10 | 10.0
Spellcasting   | 3 7 8 |  8.1
Fighting       | 3 6 8 |  8.3
Dodging        | 4 |  4.0
Fire Magic     | 1 |  1.0
Invocations    | 1 |  1.0
Air Magic      | 3 7 |  7.1
Shields        | 1 |  1.0
Short Blades   | |  0.5
Long Blades    | |  0.4
Axes           | |  0.4
Polearms       | |  0.5
Staves         | |  0.4
Slings         | |  0.5
Bows           | |  0.4
Crossbows      | |  0.3
Stealth        | |  1.7
Summonings     | |  0.4
Necromancy     | |  0.5
Translocations | |  0.9
Transmutations | |  0.9
Ice Magic      | |  0.5
Earth Magic    | |  0.5
Poison Magic   | |  0.5

Action                   |  1- 3 |  4- 6 |  7- 9 | 10-12 || total
-------------------------+-------+-------+-------+-------++-------
Melee: Whip              |    47 |   111 |    66 |    11 ||   235
       Tailslap          |     4 |    10 |    11 |     5 ||    30
       Punch             |       |       |     2 |       ||     2
       Morningstar       |       |       |       |    29 ||    29
 Cast: Magic Dart        |    52 |    33 |    91 |    36 ||   212
       Searing Ray       |     1 |    19 |    34 |    24 ||    78
       Fulminant Prism   |       |       |     4 |     3 ||     7
       Lightning Bolt    |       |       |     2 |     3 ||     5
 Abil: Breathe Steam     |       |       |    25 |    28 ||    53
Evoke: Wand              |       |       |     1 |       ||     1
  Use: Potion            |       |       |     1 |       ||     1
 Stab: Sleeping          |     3 |     4 |       |       ||     7
Armor: Skin              |    16 |    64 |    37 |    14 ||   131
Dodge: Dodged            |    31 |   121 |   125 |    78 ||   355
Block: Other             |       |       |    15 |    19 ||    34

Table legend: (Time is in decaauts)
 A = Elapsed time spent in this place.
 B = Non-inter-level travel time spent in this place.
 C = Inter-level travel time spent in this place.
 D = Time resting spent in this place.
 E = Time spent auto-exploring this place.
 F = Levels seen in this place.
 G = Mean time per level.
                   A        B        C        D        E       F      G
               +--------+--------+--------+--------+--------+-----+--------+
         Total |  12917 |  12395 |    522 |    453 |   9853 |  12 | 1076.4 |
       Dungeon |  12402 |  11891 |    511 |    453 |   9446 |  10 | 1240.2 |
        Temple |     20 |     10 |     10 |      0 |      4 |   1 |   20.0 |
         Sewer |    493 |    493 |      0 |      0 |    403 |   1 |  493.0 |
               +--------+--------+--------+--------+--------+-----+--------+

Top non-repeatable levels by time:
     D:4: 1800 daAuts
     D:8: 1691 daAuts
     D:3: 1447 daAuts
     D:9: 1402 daAuts
     D:6: 1294 daAuts
     D:2: 1144 daAuts
     D:1: 1082 daAuts
     D:7: 954 daAuts
    D:10: 804 daAuts
     D:5: 780 daAuts
   Sewer: 493 daAuts
  Temple: 20 daAuts
